Map: Dash and Terminal LE (Void)

Players

ZiZerg - Winner!

  • Race: Protoss Protoss
  • League: Silver

SticklerMac

  • Race: Terran Terran
  • League: Bronze

VOD

Have the link to the VOD?

Description

Time

  • Played on: July 28, 2015, 1:37 p.m.
  • Length: 11:05
Show
View Real Time Build Order
Export as new Build Order

ZiZerg Protoss - Winner!

Build Orders: Colossus Rush 

Get SALT Encoding   

  12  0:01  Probe  
  13  0:15  Pylon  
  13  0:18  Probe  
  14  0:33  Probe (Chrono Boost)  
  15  0:39  Gateway  
  16  0:43  Probe (Chrono Boost)  
  16  0:48  Assimilator  
  16  0:53  Probe (Chrono Boost)  
  17  1:05  Probe (Chrono Boost)  
  18  1:22  Probe  
  18  1:24  Gateway  
  21  1:34  Probe  
  22  1:49  Pylon  
  22  1:51  Probe, Assimilator  
  21  1:59  Cybernetics Core  
  21  2:08  Probe  
  22  2:20  Probe  
  23  2:29  Nexus  
  23  2:32  Probe  
  24  2:37  Pylon  
  24  2:45  Probe  
  24  2:47  Pylon  
  25  2:53  Sentry x2  
  25  2:57  Warp Gate (Chrono Boost)  
  30  3:04  Mothership Core  
  31  3:26  Robotics Facility  
  31  3:32  Probe (Chrono Boost)  
  32  3:40  Adept  
  32  3:41  Adept  
  37  3:43  Probe (Chrono Boost)  
  37  3:45  Probe (Chrono Boost)  
  38  3:53  Probe x2 (Chrono Boost)  
  40  3:55  Gateway  
  40  4:01  Probe  
  40  4:02  Gateway  
  41  4:05  Probe (Chrono Boost)  
  42  4:12  Pylon  
  42  4:14  Probe (Chrono Boost)  
  43  4:18  Observer (Chrono Boost)  
  44  4:25  Robotics Bay  
  44  4:40  Probe x2, Assimilator  
  44  4:45  Assimilator  
  46  4:52  Probe x2  
  48  5:00  Stalker x2  
  48  5:01  Stalker  
  48  5:04  Probe x2  
  56  5:09  Pylon  
  56  5:16  Probe  
  56  5:21  Extended Thermal Lance (Chrono Boost)  
  57  5:27  Probe  
  58  5:28  Probe  
  59  5:38  Nexus  
  59  5:39  Probe  
  59  5:40  Probe  
  59  5:41  Pylon  
  61  5:51  Probe  
  62  5:57  Colossus (Chrono Boost)  
  62  6:03  Probe x2  
  70  6:15  Probe x2  
  70  6:18  Forge  
  72  6:27  Stalker, Probe  
  72  6:29  Stalker  
  72  6:31  Stalker  
  79  6:39  Gateway  
  79  6:40  Gateway  
  79  6:43  Gateway  
  79  6:49  Probe x2  
  79  6:50  Probe, Pylon  
  82  6:54  Stalker  
  82  6:55  Stalker  
  82  6:57  Pylon  
  86  7:01  Probe x2  
  88  7:10  Stalker x2  
  88  7:13  Probe  
  93  7:26  Stalker x2  
  95  8:09  Stalker  
  95  8:10  Stalker x3  
  95  8:11  Stalker x2  
  95  8:12  Stalker  
  109  8:22  Assimilator  
  109  8:27  Assimilator  
  109  8:28  Protoss Ground Weapons Level 1  
  109  8:43  Forge  
  109  9:02  Pylon  
  109  9:03  Pylon  
  109  9:06  Pylon x2  
  109  9:07  Pylon  
  109  9:08  Pylon  
  109  9:10  Protoss Ground Armor Level 1  
  109  9:14  Probe x3  
  112  9:19  Colossus (Chrono Boost)  
  112  9:21  Twilight Council  
  118  9:26  Probe x2  
  118  9:27  Photon Cannon  
  118  9:29  Photon Cannon  
  120  9:32  Photon Cannon  
  120  9:37  Probe (Chrono Boost), Photon Cannon  
  123  9:39  Probe (Chrono Boost)  
  123  9:44  Probe (Chrono Boost)  
  123  9:48  Probe (Chrono Boost)  
  125  9:52  Probe (Chrono Boost)  
  125  9:53  Pylon  
  125  10:06  Colossus (Chrono Boost)  
  131  10:09  Nexus  
  131  10:10  Pylon  
  131  10:18  Pylon  
  131  10:23  Pylon  
  131  10:30  Stalker x2  
  131  10:31  Stalker, Zealot x2  
  131  10:32  Zealot x2  
  151  11:00  Zealot x4  
  151  11:01  Stalker  
  151  11:02  Stalker x2  
Show
View Real Time Build Order
Export as new Build Order

SticklerMac Terran 

Build Orders:  

Get SALT Encoding   

  12  0:00  SCV  
  13  0:12  SCV  
  14  0:18  Supply Depot  
  14  0:24  SCV  
  15  0:36  Engineering Bay  
  15  0:40  SCV  
  16  0:51  Barracks  
  16  0:54  SCV  
  17  1:00  Refinery  
  17  1:06  SCV  
  18  1:21  SCV  
  18  1:22  Barracks  
  19  1:40  SCV  
  19  1:45  Missile Turret  
  20  1:47  Missile Turret  
  20  2:00  Marine  
  21  2:08  Factory  
  21  2:19  Supply Depot  
  21  2:30  Barracks Reactor  
  21  2:32  Barracks Tech Lab  
  21  2:41  Orbital Command  
  21  3:02  Missile Turret  
  21  3:04  Barracks  
  21  3:09  Starport  
  21  3:20  Marine  
  21  3:22  Marauder  
  21  3:24  Marine  
  25  3:32  Missile Turret  
  25  3:44  Marine x2  
  25  3:48  Marauder  
  29  3:58  Supply Depot  
  29  4:16  SCV  
  30  4:21  Medivac  
  31  4:26  Marauder  
  31  4:27  Marine x2  
  35  4:32  SCV  
  36  4:47  Marauder  
  36  4:48  Barracks Tech Lab  
  38  4:57  Marine  
  39  5:06  Supply Depot  
  39  5:08  Supply Depot  
  39  5:11  Supply Depot  
  39  5:27  Medivac, Marine x2  
  39  5:28  Marauder x2  
  47  5:38  Widow Mine  
  49  5:45  Marine x2  
  49  5:49  Marine, Marauder  
  54  6:03  Marine x2  
  56  6:07  Marauder  
  56  6:10  Marauder  
  60  6:39  Marine x2  
  62  7:05  Marine  
  63  7:14  Supply Depot  
  63  7:15  Supply Depot  
  63  7:16  Supply Depot  
  63  7:20  Supply Depot  
  63  7:35  Marine  
  63  7:36  Marauder x2  
  68  7:46  Marine  
  69  7:57  Marauder x2  
  62  8:08  Medivac  
  62  8:11  Marine x2  
  66  8:14  Widow Mine  
  66  8:19  Marauder x2  
  72  8:26  Command Center  
  72  8:32  Marine  
  72  8:33  Marine  
  74  8:40  Marauder x2  
  78  8:50  Marine x2  
  80  8:57  Medivac  
  80  9:02  Marauder  
  84  9:06  Marauder  
  86  9:30  Marine x2  
  88  9:37  Marine  
  88  9:38  Marine  
  90  9:56  Orbital Command  
  90  10:10  Marine x4  
  94  10:27  Marine  
  94  10:28  Marine x3  
  95  10:31  Widow Mine  
Tags
 
Add a new tag
Caveats
  • Supply blocks, unpowered buildings, or Contaminate may cause inaccurate times.
  • Supply counts are checked every 10 seconds.